Cogmind - Beta 13 @@@ ROGUE MODE // 2024.04.04 @ 08:31:47 Player: Mantreise Result: Destroyed by Y-45 Defender with Beam Rifle Performance ------------- Evolutions (1) 500 Regions Visited (2) 400 Robots Destroyed (66) 330 Value Destroyed (1214) 1214 Prototype IDs (2) 40 Alien Tech Used (0) 0 Bonus (14) 14 TOTAL SCORE: 2498 Bonus ------- High Alert Combat Kills 14 Cogmind --------- Core Integrity 0/400 Matter 232/300 Energy 265/265 System Corruption 0% Temperature Cool (9) Movement Flying (110) Ox1 Location -9/Materials Parts ------- > --- POWER (1) -------- Improved Ion Engine > --- PROPULSION (3) --- Improved Flight Unit > --- UTILITY (3) ------ Visual Processing Unit > --- WEAPON (2) ------- (None) > --- INVENTORY (5) ---- (None) Peak State ------------ > --- POWER ------------ Improved Ion Engine > --- PROPULSION ------- Aluminum Leg Aluminum Leg > --- UTILITY ---------- Visual Processing Unit Sensor Array > --- WEAPON ----------- Heavy Assault Rifle Light Cannon > --- INVENTORY -------- Ion Engine Grenade Launcher [Rating: 10] Favorites ----------- Power Ion Engine Engine Ion Engine Propulsion Aluminum Leg Treads Light Treads Leg Aluminum Leg Hover Unit Hover Unit Flight Unit Improved Flight Unit Utility Tractor Beam Device Tractor Beam Storage Small Storage Unit Processor Visual Processing Unit Weapon Assault Rifle Ballistic Gun Assault Rifle Ballistic Cannon Light Cannon Launcher Grenade Launcher Build | -11 -10 -9 ------- Run | Yrd Mat Mat Slots Evolved 2 | . . 2 Power . | . . . Propulsion 1 | . . 1 Utility 1 | . . 1 Weapon . | . . . Parts Attached 29 | 7 10 12 Power 4 | 1 1 2 Engine 4 | 1 1 2 Core . | . . . Reactor . | . . . Propulsion 9 | 2 5 2 Treads 2 | 2 . . Leg 3 | . 2 1 Wheel . | . . . Hover 3 | . 3 . Flight 1 | . . 1 Utility 5 | 2 . 3 Device 3 | 1 . 2 Storage 1 | 1 . . Processor 1 | . . 1 Hackware . | . . . Protection . | . . . Artifact . | . . . Weapon 11 | 2 4 5 Energy Gun . | . . . Energy Cannon . | . . . Ballistic Gun 5 | 2 2 1 Ballistic Cannon 2 | . 1 1 Launcher 4 | . 1 3 Special Weapon . | . . . Impact Weapon . | . . . Slashing Weapon . | . . . Piercing Weapon . | . . . Special Melee Weapon . | . . . Unidentified Prototypes . | . . . Parts Lost 16 | . 6 10 Power 2 | . 1 1 Propulsion 6 | . 3 3 Utility 3 | . 1 2 Weapon 5 | . 1 4 Highest Loss Streak 6 | . 3 6 To Critical Strikes . | . . . Average Slot Usage (%) 73 | . 77 63 Engine 12 | . 13 10 Treads 7 | . 10 . Leg 14 | . 11 21 Hover 2 | . 2 . Device 6 | . 3 11 Storage 4 | . 6 . Ballistic Gun 17 | . 21 7 Ballistic Cannon 7 | . 6 9 Naked Turns . | . . . Heaviest Build 15 | 15 15 14 Greatest Support 40 | 40 40 30 Greatest Overweight (x) 3 | . 3 2 Average Overweight (x) . | . . . Largest Inventory Capacity 8 | 8 8 5 Average Capacity 5 | 7 6 5 Most Carried 4 | 4 3 2 Average Carried 1 | 1 1 . Final Capacity 8 | 8 5 5 Final Carried 1 | 1 1 . Class Distribution -------------------- 93% | Mutant 6% | Scavenger-Mutant Dominant Class ---------------- Mutant | -10/Materials Mutant | -9/Materials Resources | -11 -10 -9 ----------- Run | Yrd Mat Mat Matter Collected 1408 | 246 760 402 Remotely 715 | 201 306 208 Salvage Created 1847 | 96 1150 601 Parts 124 | 4 70 50 Haulers Intercepted 2 | . 2 . Recyclers Shooed 3 | . 2 1 Parts Field Recycled . | . . . Retrieved Matter . | . . . Parts Self-Destructed . | . . . Prevented . | . . . Kills | -11 -10 -9 ------- Run | Yrd Mat Mat Combat Hostiles Destroyed 36 | . 16 20 Guns 13 | . 13 . Cannons 8 | . 1 7 AOE 15 | . 2 13 Classes Destroyed 10 | 1 7 2 Worker 9 | . 6 3 Builder 4 | . 4 . Hauler 2 | . 2 . Recycler 6 | 1 3 2 Mechanic 1 | . . 1 Operator 4 | . 3 1 Watcher 4 | . 2 2 Swarmer 15 | . 3 12 Grunt 17 | . 13 4 Sentry 4 | . . 4 Best Kill Streak 12 | 1 6 12 Combat Bots Only 11 | . 4 11 Max Kills in Single Turn 4 | 1 2 4 Gunslinging . | . . . Exploded 4 | . 2 4 Melee . | . . . Uniques/NPCs Destroyed . | . . . Combat | -11 -10 -9 -------- Run | Yrd Mat Mat Hostile Shots Fired 253 | . 120 133 Missed 82 | . 35 47 Damage Taken 2113 | . 1111 1002 Core 650 | . 244 406 Absorbed by Shields . | . . . Regen/Repaired (Parts) 99 | . 99 . Core Remaining (%) 51 | 100 2 . Volleys Fired 169 | 3 109 57 Largest 2 | 2 2 2 Hottest 65 | 40 65 65 Shots Fired 298 | 6 209 83 Gun 225 | 6 196 23 Cannon 58 | . 12 46 Launcher 15 | . 1 14 Special . | . . . Kinetic 283 | 6 208 69 Thermal . | . . . Explosive 15 | . 1 14 Electromagnetic . | . . . Robot Hit Streak 13 | 5 13 12 Robot Miss Streak 8 | 1 8 5 Penetration Max . | . . . Secondary Targets 2 | . 2 . Max Gunslinging Chain 1 | . 1 . Shots Hit Robots 165 | 5 118 42 Core Hits 94 | 2 50 42 Critical Kills 1 | . 1 . Critical Parts Destroyed 1 | . 1 . Critical Strikes 3 | . 2 1 Destroy 2 | . 2 . Blast 1 | . . 1 Melee Attacks . | . . . Impact . | . . . Slashing . | . . . Piercing . | . . . Sneak Attacks . | . . . Combat Hostiles . | . . . Follow-up Attacks . | . . . Damage Inflicted 3347 | 64 1675 1608 Guns 1687 | 64 1443 180 Cannons 625 | . 122 503 Explosions 1032 | . 110 922 Melee . | . . . Ramming 3 | . . 3 Kinetic 2312 | 64 1565 683 Thermal . | . . . Explosive 1032 | . 110 922 Electromagnetic . | . . . Impact . | . . . Slashing . | . . . Piercing . | . . . Highest Corruption 2 | . 2 . Average Corruption 1 | . 1 . Corruption Purged . | . . . Corruption Blocked . | . . . Effects 5 | . 5 . Message Errors 1 | . 1 . Matter Fused 1 | . 1 . Heat Flow Errors 1 | . 1 . Energy Discharges 1 | . 1 . Data Loss (minor) 1 | . 1 . Overload Shots . | . . . Overflow Damage 18 | . 14 4 Projectiles 14 | . 14 . Explosions 4 | . . 4 Melee . | . . . Knockbacks 9 | . 2 7 Impact . | . . . Kinetic 9 | . 2 7 Secondary . | . . . Self-Inflicted Damage 65 | . 21 44 Shots 3 | . 1 2 Rammed 2 | . . 2 Targets Rammed 2 | . . 2 Kicked . | . . . Crushed . | . . . Highest Temperature 106 | . 106 6 Average Temperature 10 | . 13 3 Received Heat Transfer 774 | . 546 228 Siege Activations . | . . . Robots Corrupted . | . . . Combat Hostiles . | . . . Parts Fried . | . . . Impact Corruptions . | . . . Robots Melted . | . . . Combat Hostiles . | . . . Parts Melted 1 | . 1 . Heat Transferred . | . . . Parts Sabotaged . | . . . Parts Stolen . | . . . Parts Stripped . | . . . Power Chain Reactions . | . . . Alert | -11 -10 -9 ------- Run | Yrd Mat Mat Peak Influence 522 | 5 217 522 Initial 40 | . 3 40 Average 86 | 1 44 203 Maximum Alert Level 2 | . 1 2 Low Security (%) 85 | 100 99 46 Level 1 12 | . . 44 Level 2 2 | . . 9 Level 3 . | . . . Level 4 . | . . . Level 5 . | . . . High Security . | . . . Max Security . | . . . Squads Dispatched 9 | . 7 2 Investigation 5 | . 4 1 Extermination . | . . . Reinforcement 4 | . 3 1 Assault . | . . . Garrison . | . . . Intercept . | . . . Searches Triggered . | . . . Construction Impeded . | . . . Haulers Reinforced . | . . . Active Scanning Responses . | . . . Cargo Convoy Interrupts . | . . . Stealth | -11 -10 -9 --------- Run | Yrd Mat Mat Distress Signals 5 | . 2 3 Communications Jammed . | . . . Distress Signals . | . . . Times Spotted 63 | . 27 36 Peak Tracking Total 7 | . 7 7 Tactical Retreats 1 | . . 1 Traps | -11 -10 -9 ------- Run | Yrd Mat Mat Traps Triggered 4 | . 4 . Indirectly . | . . . Trap Hack Attempts . | . . . Triggered . | . . . Disarmed . | . . . Reprogrammed 6 | . . 6 Reused . | . . . Traps Extracted . | . . . Installed . | . . . Triggered . | . . . Machines | -11 -10 -9 ---------- Run | Yrd Mat Mat Machines Disabled 8 | . 6 2 Max in Single Turn 2 | . 1 2 Machines Repaired . | . . . Machines Dismantled . | . . . Machines Sabotaged . | . . . Overloaded Fab Kills . | . . . Hacking | -11 -10 -9 --------- Run | Yrd Mat Mat Machines Accessed 12 | . 8 4 Terminals 9 | . 5 4 Fabricators . | . . . Repair Stations 1 | . 1 . Recycling Units 2 | . 2 . Scanalyzers . | . . . Garrison Access . | . . . Total Hacks 39 | . 24 15 Successful 19 | . 12 7 Failed 20 | . 12 8 Catastrophic 3 | . 3 . Database Lockouts . | . . . Manual 21 | . 10 11 Terminals 30 | . 15 15 Fabricators . | . . . Repair Stations 4 | . 4 . Recycling Units 5 | . 5 . Scanalyzers . | . . . Garrison Access . | . . . Terminal Hacks 9 | . 5 4 Record 2 | . 1 1 Prototype ID Bank 1 | . 1 . Branch Access Points 1 | . 1 . Emergency Access Points 1 | . 1 . Unreport Threat 1 | . 1 . Reprogram Traps 2 | . . 2 Hauler Manifests 1 | . . 1 Fabricator Hacks . | . . . Repair Station Hacks 3 | . 3 . Scan Component 2 | . 2 . Repair 1 | . 1 . Recycling Unit Hacks 1 | . 1 . Report Inventory 1 | . 1 . Scanalyzer . | . . . Garrison Access Hacks . | . . . Unauthorized Hacks 6 | . 3 3 Terminals 4 | . 1 3 Botnet 4 | . 1 3 Fabricators . | . . . Repair Stations . | . . . Recycling Units 2 | . 2 . Reject 2 | . 2 . Scanalyzers . | . . . Garrison Access . | . . . Data Cores Recovered 1 | . . 1 Used . | . . . Hacking Detections 11 | . 7 4 Full Trace Events 4 | . 3 1 Feedback Events . | . . . Feedback Blocked . | . . . Robot Schematics Acquired . | . . . Robots Built . | . . . Authchips . | . . . Time . | . . . Total Robot Build Rating . | . . . Part Schematics Acquired . | . . . Parts Built . | . . . Authchips . | . . . Time . | . . . Total Part Build Rating . | . . . Parts Repaired 1 | . 1 . Time 26 | . 26 . Parts Recycled . | . . . Recycled Matter . | . . . Retrieved Matter . | . . . Retrieved Components . | . . . Parts Scanalyzed . | . . . Part Schematics Acquired . | . . . Parts Damaged . | . . . Bothacking | -11 -10 -9 ------------ Run | Yrd Mat Mat Used RIF Installer . | . . . Robots Hacked . | . . . Non-combat . | . . . Combat . | . . . Robot Hacks Applied . | . . . Relay Couplers Released . | . . . Fabnet Peak Effective % . | . . . Robots Rewired . | . . . Allies Hacked . | . . . Hacks Repelled . | . . . Allies | -11 -10 -9 -------- Run | Yrd Mat Mat Total Allies . | . . . Largest Group . | . . . Highest-Rated Group . | . . . Highest-Rated Ally . | . . . Total Orders . | . . . Ally Attacks . | . . . Total Damage . | . . . Kills . | . . . Allies Corrupted . | . . . Allies Melted . | . . . Intel | -11 -10 -9 ------- Run | Yrd Mat Mat Robot Analysis Total . | . . . Derelict Logs Recovered . | . . . Drone Launches . | . . . Drone Recoveries . | . . . Exploration | -11 -10 -9 ------------- Run | Yrd Mat Mat Turns Passed 2627 | 74 1834 719 Spaces Moved 1263 | 39 832 392 Core 43 | 10 31 2 Treads 299 | 29 270 . Legs 718 | . 338 380 Wheels . | . . . Hover 193 | . 193 . Flight 10 | . . 10 Fastest Speed 50 | 50 56 110 Average Speed 121 | 131 121 119 Slowest Speed 200 | 160 200 150 Overloaded Moves . | . . . Propulsion Burnouts . | . . . Robots Hopped . | . . . Cave-ins Triggered . | . . . Exploration Rate (%) 46 | 3 93 43 Regions Visited 2 Branch Regions . Pre-discovered Areas . | . . . Known Exits Taken . | . . . Unknown Exits Taken 2 | 1 1 . Scrap Searched . | . . . Spaces Dug 17 | . 7 10 Terrain Destroyed 76 | . 7 69 Melee . | . . . Projectile . | . . . AOE 76 | . 7 69 Terrain Rammed . | . . . Walls Destroyed . | . . . Machines Disabled . | . . . Actions | -11 -10 -9 --------- Run | Yrd Mat Mat Total 2061 | 56 1447 558 Wait 572 | . 488 84 Move 1261 | 38 831 392 Hop . | . . . Pick Up 23 | 8 7 8 Fast Attach . | . . . Attach 23 | 7 6 10 Detach 2 | . . 2 Swap 6 | . 4 2 Drop 3 | . 2 1 Fire 169 | 3 109 57 Melee . | . . . Ram 2 | . . 2 Kick . | . . . Crush . | . . . Escape Stasis . | . . . Rewire . | . . . Trap . | . . . Miscellaneous . | . . . Route ------- -11/Scrapyard -10/Materials (discovered 4 exits: *Mat x3 / *Min) -9/Materials (discovered 1 exit: [*Mat]) History --------- Turn | Location | Event 8 | -11/Scrapyard | Discovered new exit (range 16) 75 | -11/Scrapyard | Entered Materials 211 | -10/Materials | Discovered new exit (range 13) 307 | -10/Materials | Build established: Mutant 462 | -10/Materials | Discovered new exit (range 15) 593 | -10/Materials | Core integrity fell below 50% 656 | -10/Materials | Lost 3 parts (1p1n1u) 916 | -10/Materials | Repaired Assault Rifle 947 | -10/Materials | Discovered new exit (range 5) 1094 | -10/Materials | Lost 3 parts (2n1w) 1168 | -10/Materials | Identified exit to Mines 1415 | -10/Materials | Discovered new exit (range 12) 1903 | -10/Materials | Core integrity fell below 20% 1909 | -10/Materials | Entered another Materials area 1909 | -9/Materials | Evolved 2 slots: Propulsion x1, Utility x1 2264 | -9/Materials | Destroyed 11 combat bots 2571 | -9/Materials | Core integrity fell below 50% 2571 | -9/Materials | Discovered new exit (range 14) 2621 | -9/Materials | Core integrity fell below 20% 2628 | -9/Materials | Destroyed by Y-45 Defender with Beam Rifle Last Messages --------------- R-06 Scavenger collects Sml. Matter Pod. U-05 Engineer lays Concrete. Lgt. Cannon destroyed. U-05 Engineer lays Concrete. U-05 Engineer builds a Door. U-05 Engineer lays Concrete. U-05 Engineer builds a Wall. U-05 Engineer builds a Door. U-05 Engineer lays Concrete. The unstable cave ceiling collapses. U-05 Engineer builds a Wall. Aluminum Leg destroyed. Acquired Imp. Flight Unit. The unstable cave ceiling collapses. U-05 Engineer lays Concrete. Slammed into S-10 Pest. U-05 Engineer lays Concrete. R-06 Scavenger collects Lgt. Ion Engine. U-05 Engineer lays Concrete. R-06 Scavenger collects Sml. Laser. Map ----- +----------------------------------------------------+ | | | | | | | | | | | | | | | | | | | | | ?????????????????????????????????????????????????? | | ?????????????????????????????????????????????????? | | ?????????????????????????????????????????????????? | | ?????????????????????????????????????????????????? | | ?????????????????????????????????????????????????? | | ?????????????????????????????????????????????????? | | ?????????????????????????????????????????????????? | | ?????????????#???????????????????????????????????? | | ??????????!! [????????????##########????????????? | | ?????????#|! ???????????# !!!#????????????? | | ?????????#| ???????##### !! #????????????? | | ?????????# ???????# # !! #????????????? | | ?????????# #####??# < # #????????????? | | ???? ???## #### # #????????????? | | ??? ### # /g #????????????? | | ????? !% @Y# #????????????? | | ????? = w # #????????????? | | ?????""" % uu ! s #????????????? | | ??# "T"[ r u r## # ###########????????## ?? | | ??? # """ #??????????##+## ? | | ???? # """"" #??????????? T? | | ?????? #/ """"" #???????????? ""? | | ????????? """ # """"" #????????????? ? | | ?????? " """" "" + """ #??????????????? ? | | ???? " " * # #???????????????# # | | ??? # #???????????????## | | ??# # #???????????????## # | | ??# ##+########???????????????# =[ | | ??# "" " ## ##?????????????????????# ## | | ??? " ##%##??????????????????????### | | ???? ## ##????????################ | | ???? ## ##????????# % ### | | ???###/##### #### #?????????##% """ ### | | ????? ?????# ???# #??????????#% """"" ### | | ???????????#//**]]???# #??????????# """"" ### | | ???????????#//**]]???# #??????????# """"" #?## | | ???????????#######???#%#??????????# """ #??? | | ?????????????????????# #??????????# #??? | | ?????????????????????#!#??????????######+######??? | | ?????????????????????# #?????######### #?????? | +----------------------------------------------------+ Best States ------------- Heat Dissipation 28 Energy Generation 12 Energy Capacity 265 Matter Stores 300 Matter Capacity 300 Sight Range 18 Robot Scan Range 14 Terrain Scan Density 10 Evasion (%) 55 Recoil Reduction 2 Item Schematics ----------------- None Robot Schematics ------------------ None Fabricated ------------ Nothing Alien Tech Used ----------------- None Achievements -------------- None Challenges ------------ None Game ------ Seed LegTerrabombBattery Manual? 0 Play Time 00:29:43 Cumulative 12.3 hours Start 2024.04.03 @ 17:31:57 End 2024.04.04 @ 08:31:47 Sessions 2 Manual Loads 0 Difficulty Rogue Special Mode None Game No. 16 Rogue 14 Adventurer 2 Explorer 0 Win Type - Total 0 Types 0/0/0/0/0/0/0/0/0 Lore% 9 Gallery% 20 Achievement% 21 Wizard Run 0 Options --------- Layout 0 ASCII 0 Keyboard 0 Movement Mouse Keybinds 0 Fullscreen 1 Font 18/SmallcapsGlow Map View 38x25 Zoom Use 95% Tactical HUD 0 Map Filters NONE Filters NONE Steam 1 RUN: fa7dc62b-ae9a-4300-83c1-72f52a8f68f1